 Dungeon Crawl Stone Soup version 0.30.1-9-gdf580d7c3d (webtiles) character file.

Game seed: 13254490585386205174

462 Ninjinzu the Grave Robber (level 6, -10/43 HPs)
             Began as a Demonspawn Necromancer on Sept 26, 2023.
             Killed by nerve-wracking pain
             ... invoked by Menkaure
              (13 damage)
             ... on level 4 of the Dungeon.
             The game lasted 00:17:59 (2516 turns).

Ninjinzu the Grave Robber (Demonspawn Necromancer)  Turns: 2516, Time: 00:17:59

Health: -10/43     AC:  2    Str:  9    XL:     6   Next: 79%
Magic:  10/12      EV: 17    Int: 18    God:
Gold:   269        SH:  0    Dex: 13    Spells: 13/14 levels left

rFire   . . .        t - +0 flail (pain)
rCold   . . .        (no shield)
rNeg    . . .        a - +0 robe
rPois   +            (no helmet)
rElec   .            (no cloak)
rCorr   .            (no gloves)
SInv    .            (no boots)
Will    .....        p - amulet of regeneration
Stlth   ++           d - ring of poison resistance
HPRegen 1.07/turn    l - +5 ring of evasion
MPRegen 0.13/turn

%: no passive effects
@: no status effects
A: demonic magic 2, demonic touch 1
a: no special abilities


You were on level 4 of the Dungeon.
You visited 1 branch of the dungeon, and saw 4 of its levels.

You collected 269 gold pieces.

Inventory:

Hand Weapons
 e - a +0 dagger
 m - a +0 scythe
 t - a +0 flail of pain (weapon)
Armour
 a - a +0 robe (worn)
Jewellery
 d - a ring of poison resistance (left hand)
 l - a +5 ring of evasion (right hand)
 p - an amulet of regeneration (around neck)
 q - an amulet of guardian spirit
Wands
 b - a wand of polymorph (4) (quivered)
Scrolls
 c - a scroll of noise {unknown}
 g - a scroll of butterflies {unknown}
 i - a scroll of poison
 k - a scroll of vulnerability {unknown}
 n - a scroll of magic mapping {unknown}
 o - a scroll of teleportation
 u - 4 scrolls of fog {unknown}
Potions
 f - a potion of heal wounds {unknown}
 h - 2 potions of brilliance
 j - a potion of curing
 r - a potion of mutation {unknown}
 s - a potion of ambrosia {unknown}


   Skills:
 + Level 1.3 Fighting
 + Level 0.4 Short Blades
 + Level 2.0 Dodging
 + Level 2.0 Stealth
 + Level 4.6 Spellcasting
 + Level 6.6 Necromancy
 + Level 1.1 Evocations


You had 13 spell levels left.
You knew the following spells:

 Your Spells              Type           Power      Damage    Failure   Level
a - Necrotise             Necr           100%       1d9       1%          1

Your spell library contained the following spells:

 Spells                   Type           Power      Damage    Failure   Level
 Vampiric Draining        Necr           28%        2d8       2%          3
 Animate Dead             Necr           28%        N/A       9%          4
 Foxfire                  Conj/Fire      16%        2x1d4     14%         1
 Shock                    Conj/Air       16%        1d4       14%         1
 Slow                     Hex            16%        N/A       14%         1
 Agony                    Necr           28%        N/A       24%         5
 Confusing Touch          Hex            4%         N/A       38%         3
 Dazzling Flash           Conj/Hex       8%         N/A       38%         3
 Swiftness                Air            4%         N/A       38%         3
 Volatile Blastmotes      Fire/Tloc      8%         2d10      38%         3
 Airstrike                Air            2%         2d(1-17)  80%         4
 Iskenderun's Mystic Bla  Conj/Tloc      4%         2d3       80%         4
 Fireball                 Conj/Fire      2%         3d4       98%         5
 Plasma Beam              Fire/Air       2%         2x1d13    100%        6
 Starburst                Conj/Fire      2%         6d3       100%        6


Dungeon Overview and Level Annotations

Branches:
Dungeon (4/15)
 Temple: D:4-7

Altars:
Dithmenos
Ru

Annotations:
D:4 Menkaure


Innate Abilities, Weirdness & Mutations

Spells you cast may paralyse nearby enemies.
Your touch may inflict minor irresistible damage on your foes.


Message History

Okay, then.
Casting: Necrotise (safe; 1% risk of failure)
Confirm with . or Enter, or press ? or * to list all spells.
You don't know that spell.
Casting: Necrotise (safe; 1% risk of failure)
Confirm with . or Enter, or press ? or * to list all spells.
You can't see any susceptible monsters within range! (Use Z to cast anyway.)
Casting: Necrotise (safe; 1% risk of failure)
Confirm with . or Enter, or press ? or * to list all spells.
You can't see any susceptible monsters within range! (Use Z to cast anyway.)
You hit Menkaure.
Menkaure is lightly damaged.
Menkaure barely misses you.
Aiming: Polymorph
Press: ? - help, Q - select action, (/) - cycle Shift-Dir - straight line, f - Menkaure
Aim: Menkaure (lightly damaged, fast, not susceptible) Menkaure is unaffected.
Menkaure closely misses you.
You hit Menkaure but do no damage.
You touch Menkaure!
Menkaure is severely damaged.
Menkaure mumbles, "Let me perform the rites..."
Menkaure misses you. Menkaure closely misses you.
You closely miss Menkaure. You punch Menkaure.
Menkaure is severely damaged.
Menkaure misses you. Menkaure hits you but does no damage.
You barely miss Menkaure.
Menkaure is severely damaged.
Menkaure hits you!!
Ouch! That really hurt!
Menkaure gestures at you while chanting.
Pain shoots through your body!
* * * LOW HITPOINT WARNING * * *
Aiming: Polymorph
Press: ? - help, Q - select action, (/) - cycle Shift-Dir - straight line, f - you, p - Menkaure
Okay, then.
You barely miss Menkaure.
Menkaure is severely damaged.
Menkaure gestures at you while chanting.
Pain shoots through your body!
You die...

.⌠. ...
#####.##
..#...#
...⌠.#
#...#
#####.###
#.@M....#
######..#
##.# #..#
#>## ###
#.# #..
#.# #.#
#.# #.#
#M####.##


You could see Menkaure (fast).

Vanquished Creatures
  Sigmund (D:2)
  A sky beast (D:3)
  An ogre (D:3)
  Blork the orc (D:4)
  2 adders (D:2)
  A worm (D:2)
  5 orcs (D:3)
  3 bats
  4 endoplasms
  4 goblins
  4 hobgoblins
  3 jackals (D:2)
  3 quokkas
  5 ball pythons (D:2)
  A frilled lizard (D:1)
  5 kobolds
  3 rats
47 creatures vanquished.

Vanquished Creatures (collateral kills)
  An adder (D:2)
  An endoplasm (D:2)
  A giant cockroach (D:4)
  A bat (D:2)
  A rat (D:2)
5 creatures vanquished.

Grand Total: 52 creatures vanquished

Notes
Turn   | Place    | Note
-------+----------+-------------------------------------------
     0 | D:1      | Ninjinzu the Demonspawn Necromancer began the quest for the
                  | Orb.
     0 | D:1      | Reached XP level 1. HP: 13/13 MP: 3/3
   355 | D:1      | Gained mutation: Spells you cast may paralyse adjacent
                  | enemies. [demonic ancestry]
   355 | D:1      | Reached XP level 2. HP: 19/19 MP: 1/5
   633 | D:1      | You fall into a shaft and drop 1 floor!
   648 | D:2      | Reached skill level 5 in Necromancy
   741 | D:2      | Reached XP level 3. HP: 24/24 MP: 1/6
   953 | D:2      | Noticed Sigmund
   977 | D:2      | Killed Sigmund
   978 | D:2      | Reached skill level 1 in Fighting
   978 | D:2      | Reached skill level 6 in Necromancy
   978 | D:2      | Gained mutation: Spells you cast may paralyse nearby
                  | enemies. [demonic ancestry]
   978 | D:2      | Reached XP level 4. HP: 6/32 MP: 0/9
   978 | D:2      | Discovered your monstrous ancestry.
   978 | D:2      | Gained mutation: Your touch may inflict minor irresistible
                  | damage on your foes. [demonic ancestry]
   978 | D:2      | Reached XP level 5. HP: 7/37 MP: 0/10
  1271 | D:2      | Found a faded altar of an unknown god.
  1272 | D:2      | Noticed a great orb of eyes
  1279 | D:2      | Noticed a floating eye
  1285 | D:2      | Noticed a golden eye
  1286 | D:2      | Noticed a golden eye
  1745 | D:3      | a ball python changed into a swamp drake
  1745 | D:3      | Noticed a swamp drake
  1746 | D:3      | a swamp drake changed into a sky beast
  1746 | D:3      | Noticed a sky beast
  1767 | D:3      | Killed a sky beast
  1768 | D:3      | Reached skill level 1 in Evocations
  1768 | D:3      | Reached XP level 6. HP: 14/43 MP: 4/12
  2064 | D:3      | Found a sacrificial altar of Ru.
  2064 | D:3      | Found a shadowy altar of Dithmenos.
  2480 | D:4      | Noticed Blork the orc
  2483 | D:4      | Noticed Menkaure
  2494 | D:4      | Killed Blork the orc
  2515 | D:4      | HP: 2/43 [Menkaure/nerve-wracking pain (13)]
  2516 | D:4      | Killed from afar by Menkaure

Illustrated notes

Levels and vault maps discovered:
D:1:      mainiacjoe_arrival_reflecting_pool, layout_basic,
          chequers_serial_rivers_micro_e
D:2:      layout_basic, hellmonk_ecumenical_altar_watching_god, basic_altar,
          uniq_sigmund
D:3:      layout_basic, nicolae_overflow_two_pavilions
D:4:      layout_loops_corners, minmay_temple_entry_nine_rooms, uniq_menkaure,
          uniq_blork_the_orc

Skill      XL: |  1  2  3  4  5 |
---------------+----------------+-----
Necromancy     | 5 6 |  6.6
Fighting       | 1 |  1.3
Dodging        | 2 |  2.0
Spellcasting   | 3 4 |  4.6
Stealth        | 2 |  2.0
Evocations     | 1 |  1.1
Short Blades   | |  0.4

Action                     |  1- 3 |  4- 6 || total
---------------------------+-------+-------++-------
  Melee: Dagger            |     4 |       ||     4
         Flail             |       |     5 ||     5
         Touch             |       |     1 ||     1
         Punch             |       |     1 ||     1
   Cast: Necrotise         |    47 |    53 ||   100
  Evoke: Wand              |       |     6 ||     6
    Use: Potion            |     2 |       ||     2
         Scroll            |       |     4 ||     4
 Armour: Robe              |    10 |     3 ||    13
  Dodge: Dodged            |    28 |    13 ||    41
